AoeStats
← RIO1000

Arabia

505752404Analyzed
1v1 RM · 23d ago on Sep 10, 2026· 99m 38s· 2 players
Game mode
Random Map
Map size
Tiny (2 player)
Population
200
Speed
Normal
Resources
Standard
Victory
Conquest
Starting age
Dark Age
Ending age
Imperial Age
RankedLock teamsTeams togetherTeam positionsShared explorationLock speedFull tech treeHidden civsTurbo modeCheats
Victory
Defeat
🇲🇽 Britons · Mexico
925
+17
🇦🇷 Slavs · Argentina
951
-17
RIO1000
7:31 Loom
10:11 Feudal Age
10:41 Double-Bit Axe
18:29 Castle Age
16:51 Horse Collar
17:51 Fletching
19:27 Bow Saw
19:11 Gold Mining
19:44 Heavy Plow
20:25 Crossbowman
22:44 Bodkin Arrow
24:18 Padded Archer Armor
26:20 Ballistics
33:17 Stone Mining
37:05 Wheelbarrow
36:45 Town Watch
41:51 Imperial Age
41:05 Leather Archer Armor
41:52 Arbalester
43:09 Yeomen
43:02 Bracer
44:18 Chemistry
44:18 Conscription
46:20 Hand Cart
47:15 Squires
47:04 Pikeman
49:11 Two-Man Saw
48:55 Town Patrol
50:57 Forging
50:48 Scale Mail Armor
53:46 Light Cavalry
54:27 Husbandry
55:26 Iron Casting
55:18 Halberdier
56:52 Husbandry
57:44 Chain Mail Armor
58:14 Gold Shaft Mining
62:03 Blast Furnace
68:49 Scale Barding Armor
69:15 Plate Mail Armor
77:49 Chain Barding Armor
Amelia0907
5:42 Loom
9:20 Feudal Age
10:37 Horse Collar
10:53 Double-Bit Axe
20:03 Castle Age
18:27 Fletching
19:19 Padded Archer Armor
20:35 Scale Barding Armor
20:55 Husbandry
20:59 Gold Mining
25:55 Bodkin Arrow
28:15 Elite Skirmisher
31:02 Heavy Plow
33:01 Forging
33:37 Wheelbarrow
33:27 Bow Saw
37:12 Iron Casting
42:09 Imperial Age
41:03 Ballistics
42:25 Cavalier
43:53 Gold Shaft Mining
45:09 Chemistry
45:52 Leather Archer Armor
47:07 Ring Archer Armor
49:05 Chain Barding Armor
49:32 Hand Cart
56:09 Blast Furnace
55:47 Plate Barding Armor
58:03 Blast Furnace
76:13 Light Cavalry
77:06 Bloodlines
84:17 Two-Man Saw
83:39 Hussar
Connection lost

Rejoining the realm…

Still unreachable

The connection could not be restored.

Session expired

The server has moved on; the page needs a fresh start.